Map: 과거의 사원

Players

펜타네스트

  • Race: Zerg Zerg

펜타네스트

  • Race: Terran Terran
  • Spawn Location: 0:00

VOD

Have the link to the VOD?

Description

Time

  • Played on: March 6, 2018, 12:57 a.m.
  • Length: 26:36
Show
View Real Time Build Order
Export as new Build Order

펜타네스트 Zerg 

Build Orders:  

Get SALT Encoding   

  18  0:03  Primal Drone  
  19  0:11  Primal Drone  
  19  0:17  Primal Drone  
  21  0:24  Primal Drone  
  22  0:33  Primal Drone  
  23  0:41  Extractor  
  24  1:00  Primal Warden  
  24  1:07  Extractor  
  24  1:12  Primal Drone  
  25  1:20  Primal Drone  
  26  1:30  Primal Drone  
  26  1:39  Primal Drone  
  28  1:55  Primal Drone  
  29  2:03  Primal Zergling  
  29  2:05  Glevig's Den  
  29  2:14  Primal Drone  
  30  2:55  Primal Hive  
  30  2:58  Primal Drone  
  36  3:14  Primal Drone  
  36  3:15  Primal Drone  
  38  3:34  Primal Drone  
  38  3:39  Primal Drone, Murvar's Den  
  39  3:51  Primal Drone  
  40  4:13  Primal Drone  
  41  4:23  Primal Drone  
  42  4:36  Primal Drone x4  
  46  4:58  Primal Drone  
  47  5:02  Primal Hive  
  47  5:03  Extractor x2  
  47  5:04  Primal Drone  
  48  5:10  Primal Drone x2  
  51  5:21  Primal Drone, Primal Warden  
  51  5:22  Primal Warden  
  51  5:23  Primal Drone  
  53  5:40  Primal Drone x2  
  55  5:54  Primal Drone  
  55  5:57  Dakrun's Den  
  55  6:06  Primal Warden  
  56  6:15  Primal Swarm Host x2  
  56  6:16  Primal Swarm Host  
  65  6:22  Primal Swarm Host  
  68  6:32  Primal Drone x2  
  69  7:31  Primal Drone  
  69  7:32  Primal Drone x8  
  78  8:17  Primal Swarm Host  
  78  8:18  Primal Swarm Host x7  
  102  8:40  Primal Swarm Host x2  
  102  8:41  Primal Swarm Host x4  
  120  8:59  Barrage of Spikes  
  114  9:22  Primal Attacks Level 1, Primal Carapace Level 1  
  114  9:23  Primal Drone  
  115  9:59  Tyrant's Protection  
  115  10:18  Primal Swarm Host  
  115  10:19  Primal Swarm Host x8  
  142  10:38  Primal Wurm  
  146  10:41  Primal Wurm x2  
  146  10:47  Primal Wurm  
  147  10:52  Primal Wurm  
  147  11:53  Primal Swarm Host x5  
  147  11:54  Primal Swarm Host x4  
  167  12:37  Aerial Burst Sacs  
  167  13:04  Primal Attacks Level 2  
  167  13:05  Primal Carapace Level 2  
  167  13:08  Primal Drone  
  167  13:09  Primal Drone x2  
  170  13:14  Primal Wurm  
  170  13:15  Primal Wurm  
  170  13:17  Primal Wurm  
  175  13:20  Primal Wurm  
  175  13:22  Primal Wurm  
  175  13:39  Primal Drone  
  176  13:40  Primal Drone x8  
  178  14:01  Primal Swarm Host x3  
  187  15:55  Primal Swarm Host  
  187  15:56  Primal Swarm Host x3  
  198  17:26  Primal Attacks Level 3, Primal Carapace Level 3  
  198  17:27  Primal Drone x2  
  196  19:06  Primal Wurm  
  196  19:10  Primal Wurm  
  196  19:11  Primal Wurm  
  196  19:18  Primal Wurm  
  192  19:46  Primal Swarm Host  
  192  19:47  Primal Swarm Host x2  
  193  20:15  Primal Swarm Host  
  193  20:16  Primal Swarm Host  
  196  20:57  Primal Swarm Host  
  186  21:34  Primal Swarm Host  
  186  21:35  Primal Swarm Host  
  186  21:52  Primal Warden  
  186  21:53  Primal Warden  
  186  21:56  Primal Warden  
  186  22:02  Primal Swarm Host  
  186  22:03  Primal Swarm Host x5  
  198  23:58  Primal Wurm  
  198  23:59  Primal Wurm  
  171  25:02  Primal Swarm Host  
  171  25:03  Primal Swarm Host x8  
  125  26:05  Primal Swarm Host x2  
Show
View Real Time Build Order
Export as new Build Order

펜타네스트 Terran 

Build Orders:  

Get SALT Encoding   

Tags
 
Add a new tag
Caveats
  • Supply blocks, unpowered buildings, or Contaminate may cause inaccurate times.
  • Supply counts are checked every 10 seconds.